 Dungeon Crawl Stone Soup version 0.29.0-4-gdea44cf6ec (webtiles) character file.

Game seed: 16139239594973666405

28063 qw the Severer (level 13, -1/126 HPs)
             Began as a Minotaur Berserker on Sept 6, 2022.
             Was an Elder of Trog.
             Slain by a death yak (17 damage)
             ... on level 5 of the Lair of Beasts.
             The game lasted 00:05:11 (14878 turns).

qw the Severer (Minotaur Berserker)                Turns: 14878, Time: 00:05:11

Health: -1/126     AC: 17    Str: 26    XL:     13   Next: 7%
Magic:  12/12      EV: 15    Int:  8    God:    Trog [****..]
Gold:   874        SH:  0    Dex: 11    Spells: 12/12 levels left

rFire   . . .      SeeInvis +   Y - +0 war axe
rCold   + . .      Faith    .   (no shield)
rNeg    . . .      Spirit   .   i - +1 chain mail of Watchfulness {rC+ SInv}
rPois   .          Reflect  .   o - +1 hat
rElec   .          Harm     .   d - +0 cloak
rCorr   .          Rampage  .   (no gloves)
Will    .....                   t - +0 pair of boots
Stlth   ..........              n - amulet of the acrobat
HPRegen 0.31/turn               m - +4 ring of evasion
MPRegen 0.13/turn               s - +6 ring of intelligence

@: about to teleport, on berserk cooldown, slowed, very slow
A: horns 2, retaliatory headbutt, dopey 1
a: Renounce Religion, Berserk, Trog's Hand, Brothers in Arms


You were on level 5 of the Lair of Beasts.
You worshipped Trog.
Trog was greatly pleased with you.
You visited 2 branches of the dungeon, and saw 14 of its levels.

You collected 874 gold pieces.


Innate Abilities, Weirdness & Mutations

You have a pair of horns on your head.
You reflexively headbutt those who attack you in melee.
You are dopey. (Int -2)


   Skills:
 - Level 15.0 Fighting
 - Level 16.0 Axes
 - Level 7.0 Throwing
 + Level 11.6 Armour
 - Level 7.0 Dodging


You had 12 spell levels left.
You didn't know any spells.
Your spell library was empty.

Inventory:

Hand Weapons
 q - a +0 demon whip of venom
 Y - a +0 war axe (weapon)
Missiles
 p - 17 boomerangs
 x - 3 silver boomerangs
 y - a javelin (quivered)
Armour
 d - a +0 cloak (worn)
 f - a +3 chain mail of fire resistance
 g - a +1 plate armour
 i - the +1 chain mail of Watchfulness (worn) {rC+ SInv}
   (You took it off a goblin on level 3 of the Dungeon)

   rC:        It protects you from cold.
   SInv:      It lets you see invisible.
 o - a +1 hat (worn)
 t - a +0 pair of boots (worn)
Jewellery
 k - a ring of protection from fire
 l - a ring of see invisible
 m - a +4 ring of evasion (left hand)
 n - an amulet of the acrobat (around neck)
 s - a +6 ring of intelligence (right hand)
 u - a ring of positive energy
 v - a ring of ice
Wands
 r - a wand of digging (3)
Scrolls
 a - a scroll of identify
 z - a scroll of summoning {unknown}
 A - a scroll of butterflies {unknown}
Potions
 b - a potion of might
 c - 3 potions of mutation
 h - 4 potions of curing
 j - a potion of heal wounds
 w - 2 potions of ambrosia {unknown}

Dungeon Overview and Level Annotations

Branches:
Dungeon (10/15)            Temple (0/1) D:4            Lair (5/5) D:10
    Orc (0/2) D:9
  Swamp: Lair:2-3    Shoals: Lair:2-3     Snake: Lair:2-3    Spider: Lair:2-3
  Slime: Lair:4-5

Altars:
Ashenzari
Dithmenos
Elyvilon
Fedhas
Gozag
Kikubaaqudgha
Makhleb
Nemelex Xobeh
Okawaru
Qazlal
Ru
Uskayaw
Wu Jian
Xom
Zin
The Shining One

Annotations:
D:10 1 runed translucent door
Lair:1 3 runed translucent doors, qw's ghost, journeyman TeWr; qw's ghost, journeyman TrCA


Message History

The death yak is almost dead.
You hit the fungus.
The fungus begins to die.
You hit the elephant but do no damage. The death yak barely misses you.
You furiously retaliate!
You headbutt the death yak, but do no damage.
The elephant tramples you but does no damage.
The elephant barely misses you.
You hit the death yak but do no damage.
The death yak is almost dead.
You closely miss the wolf. You slash the elephant! You hit the fungus.
The wolf bites you but does no damage. The wolf misses you.
The death yak gores you! The elephant tramples you!
You hold your ground!
The elephant trunk-slaps you but does no damage.
You slash the death yak!
The death yak is almost dead.
You hit the elephant. You hit the death yak but do no damage.
You slash the fungus! You slash the wolf! The wolf misses you.
The wolf bites you! The death yak gores you!! The death yak closely misses you.
You furiously retaliate!
You headbutt the death yak.
You kill the death yak!
Trog accepts your kill. The elephant tramples you.
You hold your ground!
The elephant completely misses you.
14877 ||| READING scroll of teleportation.
As you read the scroll of teleportation, it crumbles to dust.
You feel strangely unstable. The wolf misses you. The blink frog hits you.
The wolf misses you. The elephant tramples you.
You hold your ground!
The elephant trunk-slaps you but does no damage.
The death yak gores you but does no damage.
14878 ||| DRINKING 2 potions of heal wounds.
You feel much better.
A nearby fungus withers and dies.
The wolf barely misses you. The blink frog hits you.
The blink frog blinks!
The wolf closely misses you.
The death yak gores you but does no damage.
The elephant tramples you!
You hold your ground!
The elephant trunk-slaps you but does no damage.
The wolf bites you. The death yak gores you!
You die...

##.. #.... #....
#P... #P...##
#P...P# # #
.##....h###.#P#.
......%Y@.......
......%YY.......
................
............F...
...##....#.P#...
.. #...#.### ##
. #.....#
...P...
#....##..


You could see a death yak, 2 elephants, a blink frog and a wolf.

Vanquished Creatures
  Fannar (Lair:2)
  Erolcha (D:10)
  A catoblepas (Lair:2)
  2 death yaks (Lair:5)
  2 two-headed ogres (D:9)
  Sonja (Lair:2)
  Amaemon (Lair:2)
  A lindwurm (Lair:1)
  Joseph (D:8)
  An unseen horror (D:10)
  6 cane toads
  An orange demon (Lair:2)
  6 komodo dragons
  A troll (D:9)
  2 polar bears
  7 dream sheep (Lair:3)
  14 blink frogs
  A shadow (D:10)
  32 yaks
  A basilisk (Lair:3)
  7 wyverns
  Grum (D:9)
  A steam dragon (D:8)
  Edmund (D:5)
  2 wargs (D:10)
  4 water moccasins
  Duvessa (D:5)
  An acid dragon (D:8)
  4 orc warriors
  An ice beast (D:7)
  A swamp drake (D:9)
  2 black bears
  3 sky beasts (D:7)
  27 wolves
  2 ogres
  2 centaurs
  A phantom (D:5)
  5 kobold brigands
  Blork the orc (D:5)
  4 bullfrogs
  2 scorpions
  Dowan (D:5)
  4 killer bees (D:9)
  4 howler monkeys
  A jelly (D:6)
  5 orc priests
  2 hounds
  A gnoll bouda (D:7)
  4 iguanas
  16 orc wizards
  5 gnolls (D:7)
  9 adders
  A shadow imp (D:8)
  A white imp (D:6)
  An ufetubus (D:5)
  3 dart slugs
  47 orcs
  5 endoplasms
  2 giant cockroaches (D:3)
  21 goblins
  8 hobgoblins
  5 jackals (D:4)
  3 quokkas
  8 ball pythons
  5 bats
  5 frilled lizards
  29 kobolds
  11 rats
363 creatures vanquished.

Vanquished Creatures (collateral kills)
  A hydra (Lair:1)
  A blink frog (Lair:1)
  2 bullfrogs (Lair:1)
4 creatures vanquished.

Vanquished Creatures (others)
  5 fungi
  9 plants
  12 withered plants
26 creatures vanquished.

Grand Total: 393 creatures vanquished

Notes
Turn   | Place    | Note
-------+----------+-------------------------------------------
     0 | D:1      | qw the Minotaur Berserker began the quest for the Orb.
     0 | D:1      | Reached XP level 1. HP: 19/19 MP: 0/0
     0 | D:1      | 0 ||| qw: Version: 0.1-a-108-g9e35731
     0 | D:1      | 0 ||| qw: Game counter: 6249
     0 | D:1      | 0 ||| qw: Always use a shield: true
     0 | D:1      | 0 ||| qw: Do Orc after D:15 true
     0 | D:1      | 0 ||| qw: Do second Lair branch before Depths: true
     0 | D:1      | 0 ||| qw: Lair rune preference: random
     0 | D:1      | 0 ||| qw: Plans: Normal
     0 | D:1      | 0 ||| PLANNING D:1-11
    68 | D:1      | 68 ||| Stepping ~*~*~tactically~*~*~ (stealth).
    72 | D:1      | 72 ||| Stepping ~*~*~tactically~*~*~ (stealth).
   163 | D:1      | 163 ||| Stepping ~*~*~tactically~*~*~ (stealth).
   166 | D:1      | 166 ||| Stepping ~*~*~tactically~*~*~ (stealth).
   168 | D:1      | Reached skill level 4 in Axes
   168 | D:1      | 168 ||| Stepping ~*~*~tactically~*~*~ (stealth).
   169 | D:1      | 169 ||| Stepping ~*~*~tactically~*~*~ (stealth).
   171 | D:1      | 171 ||| Stepping ~*~*~tactically~*~*~ (stealth).
   172 | D:1      | 172 ||| Stepping ~*~*~tactically~*~*~ (stealth).
   177 | D:1      | 177 ||| INVOKING Berserk.
   188 | D:1      | 188 ||| Stepping ~*~*~tactically~*~*~ (stealth).
   192 | D:1      | 192 ||| Stepping ~*~*~tactically~*~*~ (stealth).
   193 | D:1      | 193 ||| Stepping ~*~*~tactically~*~*~ (stealth).
   194 | D:1      | 194 ||| Stepping ~*~*~tactically~*~*~ (stealth).
   196 | D:1      | 196 ||| Stepping ~*~*~tactically~*~*~ (stealth).
   368 | D:1      | Reached XP level 2. HP: 26/26 MP: 1/1
   431 | D:1      | 431 ||| DROPPING +0 club.
   733 | D:1      | 733 ||| Stepping ~*~*~tactically~*~*~ (stealth).
   830 | D:1      | 830 ||| Stepping ~*~*~tactically~*~*~ (stealth).
   833 | D:1      | 833 ||| Stepping ~*~*~tactically~*~*~ (stealth).
   836 | D:1      | Reached skill level 5 in Axes
   839 | D:1      | 839 ||| Stepping ~*~*~tactically~*~*~ (stealth).
   841 | D:1      | 841 ||| Stepping ~*~*~tactically~*~*~ (stealth).
   843 | D:1      | 843 ||| Stepping ~*~*~tactically~*~*~ (stealth).
   853 | D:1      | 853 ||| DROPPING +0 whip.
   926 | D:1      | 926 ||| READING 2 scrolls labelled BABREMENORI.
   927 | D:1      | 927 ||| READING scroll labelled CEFEK VYJI.
   928 | D:1      | 928 ||| READING scroll labelled ETESIE MYTON.
   929 | D:1      | 929 ||| READING scroll labelled REUSYT JEWAAFF.
   930 | D:1      | 930 ||| DRINKING 2 puce potions.
   931 | D:1      | 931 ||| DROPPING potion of attraction.
   965 | D:2      | 965 ||| Stepping ~*~*~tactically~*~*~ (hiding).
  1054 | D:2      | 1054 ||| Stepping ~*~*~tactically~*~*~ (hiding).
  1058 | D:2      | 1058 ||| Stepping ~*~*~tactically~*~*~ (hiding).
  1068 | D:2      | Reached XP level 3. HP: 21/31 MP: 2/2
  1168 | D:2      | 1168 ||| DROPPING +1 whip of draining.
  1320 | D:2      | 1320 ||| FLEEEEING.
  1495 | D:2      | Found a faded altar of an unknown god.
  1595 | D:2      | Reached skill level 6 in Axes
  1595 | D:2      | Reached XP level 4. HP: 34/39 MP: 3/3
  1756 | D:2      | 1756 ||| UPGRADING to +0 leather armour.
  1766 | D:2      | 1766 ||| DROPPING +0 animal skin.
  1767 | D:2      | 1767 ||| UPGRADING to +0 plate armour.
  1777 | D:2      | 1777 ||| DROPPING +0 leather armour.
  1778 | D:2      | 1778 ||| READING 2 scrolls labelled CAUCA ZIOKHECK.
  1779 | D:2      | 1779 ||| READING 2 scrolls labelled CAZUAM PEUWKAR.
  1780 | D:2      | 1780 ||| READING scroll of enchant armour.
  1780 | D:2      | 1780 ||| ENCHANTING +0 plate armour.
  1781 | D:2      | 1781 ||| DRINKING 2 dark potions.
  1781 | D:2      | Gained mutation: You are dopey. (Int -2) [potion of
                  | mutation]
  1782 | D:2      | 1782 ||| DRINKING 2 golden potions.
  1783 | D:2      | 1783 ||| DROPPING potion of invisibility.
  1784 | D:2      | 1784 ||| DROPPING scroll of immolation.
  1806 | D:3      | Reached ** piety under Trog
  1855 | D:3      | Found a glowing silver altar of Zin.
  1897 | D:3      | Identified the +1 chain mail of Watchfulness {rC+ SInv}
  1898 | D:3      | 1898 ||| Stepping ~*~*~tactically~*~*~ (stealth).
  1905 | D:3      | 1905 ||| Stepping ~*~*~tactically~*~*~ (stealth).
  1913 | D:3      | Reached skill level 1 in Throwing
  1962 | D:3      | Found a glowing golden altar of the Shining One.
  2004 | D:3      | 2004 ||| Stepping ~*~*~tactically~*~*~ (stealth).
  2160 | D:3      | Identified the +5 quarterstaff of Coukh {speed, rN+}
  2162 | D:3      | 2162 ||| Stepping ~*~*~tactically~*~*~ (stealth).
  2272 | D:3      | Found a faded altar of an unknown god.
  2274 | D:3      | 2274 ||| INVOKING Berserk.
  2279 | D:3      | Reached XP level 5. HP: 45/45 MP: 4/4
  2282 | D:3      | Reached skill level 7 in Axes
  2388 | D:3      | Found a shimmering altar of Xom.
  2486 | D:3      | 2486 ||| UPGRADING to +1 chain mail of Watchfulness {rC+
                  | SInv}.
  2487 | D:3      | 2487 ||| UPGRADING to +1 chain mail of Watchfulness {rC+
                  | SInv}.
  2488 | D:3      | 2488 ||| UPGRADING to +1 chain mail of Watchfulness {rC+
                  | SInv}.
  2489 | D:3      | 2489 ||| UPGRADING to +1 chain mail of Watchfulness {rC+
                  | SInv}.
  2490 | D:3      | 2490 ||| UPGRADING to +1 chain mail of Watchfulness {rC+
                  | SInv}.
  2491 | D:3      | 2491 ||| UPGRADING to +1 chain mail of Watchfulness {rC+
                  | SInv}.
  2492 | D:3      | 2492 ||| UPGRADING to +1 chain mail of Watchfulness {rC+
                  | SInv}.
  2493 | D:3      | 2493 ||| UPGRADING to +1 chain mail of Watchfulness {rC+
                  | SInv}.
  2494 | D:3      | 2494 ||| UPGRADING to +1 chain mail of Watchfulness {rC+
                  | SInv}.
  2495 | D:3      | 2495 ||| FLEEEEING.
  2496 | D:3      | 2496 ||| FLEEEEING.
  2497 | D:3      | 2497 ||| FLEEEEING.
  2498 | D:3      | 2498 ||| FLEEEEING.
  2499 | D:3      | 2499 ||| FLEEEEING.
  2531 | D:3      | 2531 ||| UPGRADING to +1 chain mail of Watchfulness {rC+
                  | SInv}.
  2541 | D:3      | 2541 ||| UPGRADING to +1 hat.
  2546 | D:3      | 2546 ||| UPGRADING to amulet of the acrobat.
  2551 | D:3      | 2551 ||| UPGRADING to +4 ring of evasion.
  2552 | D:3      | 2552 ||| READING scroll labelled YNELYX FYREMM.
  2553 | D:3      | 2553 ||| READING scroll labelled GIM QATEROBINT.
  2554 | D:3      | 2554 ||| DRINKING 3 emerald potions.
  2555 | D:3      | 2555 ||| READING 2 scrolls of identify.
  2555 | D:3      | 2555 ||| IDENTIFYING white potion
  2556 | D:3      | 2556 ||| DROPPING 2 potions of flight.
  2557 | D:3      | 2557 ||| DROPPING potion of lignification.
  2591 | D:4      | 2591 ||| Stepping ~*~*~tactically~*~*~ (hiding).
  2602 | D:4      | 2602 ||| INVOKING Berserk.
  2800 | D:4      | Reached *** piety under Trog
  2801 | D:4      | 2801 ||| FLEEEEING.
  2802 | D:4      | 2802 ||| FLEEEEING.
  2803 | D:4      | 2803 ||| FLEEEEING.
  2804 | D:4      | 2804 ||| FLEEEEING.
  2805 | D:4      | 2805 ||| FLEEEEING.
  2806 | D:4      | 2806 ||| FLEEEEING.
  2815 | D:4      | 2815 ||| Stepping ~*~*~tactically~*~*~ (hiding).
  2906 | D:4      | 2906 ||| Stepping ~*~*~tactically~*~*~ (stealth).
  2928 | D:4      | 2928 ||| DROPPING +1 hand axe of freezing.
  3072 | D:4      | Reached XP level 6. HP: 52/52 MP: 5/5
  3104 | D:4      | Found a staircase to the Ecumenical Temple.
  3202 | D:4      | Found a burning altar of Makhleb.
  3206 | D:4      | Found an ornate altar of the Wu Jian Council.
  3383 | D:4      | 3383 ||| Stepping ~*~*~tactically~*~*~ (stealth).
  3393 | D:4      | Reached skill level 8 in Axes
  3506 | D:4      | 3506 ||| UPGRADING to +0 cloak.
  3511 | D:4      | 3511 ||| READING scroll labelled JOSAGU ARPHAFI.
  3515 | D:4      | 3515 ||| READING 2 scrolls of identify.
  3515 | D:4      | 3515 ||| IDENTIFYING sapphire potion
  3590 | D:5      | Entered Level 5 of the Dungeon
  3592 | D:5      | 3592 ||| Stepping ~*~*~tactically~*~*~ (hiding).
  3597 | D:5      | 3597 ||| STAIRDANCE
  3713 | D:5      | Noticed Duvessa
  3714 | D:5      | 3714 ||| Stepping ~*~*~tactically~*~*~ (stealth).
  3716 | D:5      | Noticed Dowan
  3717 | D:5      | 3717 ||| Stepping ~*~*~tactically~*~*~ (hiding).
  3719 | D:5      | 3719 ||| INVOKING Berserk.
  3727 | D:5      | Killed Dowan
  3734 | D:5      | Killed Duvessa
  3735 | D:5      | Reached skill level 9 in Axes
  3735 | D:5      | Reached XP level 7. HP: 59/59 MP: 6/6
  3735 | D:5      | 3735 ||| STAIRDANCE
  3816 | D:5      | Reached skill level 3 in Armour
  4052 | D:5      | 4052 ||| INVOKING Berserk.
  4198 | D:5      | Noticed Blork the orc
  4198 | D:5      | Noticed Edmund
  4199 | D:5      | 4199 ||| Stepping ~*~*~tactically~*~*~ (hiding).
  4201 | D:5      | 4201 ||| Stepping ~*~*~tactically~*~*~ (hiding).
  4204 | D:5      | 4204 ||| INVOKING Berserk.
  4207 | D:5      | Killed Blork the orc
  4214 | D:5      | Killed Edmund
  4215 | D:5      | Reached skill level 10 in Axes
  4886 | D:5      | 4886 ||| UPGRADING to +0 pair of boots.
  4891 | D:5      | 4891 ||| UPGRADING to +6 ring of intelligence.
  4892 | D:5      | 4892 ||| DRINKING 2 amethyst potions.
  4934 | D:6      | Reached XP level 8. HP: 68/68 MP: 7/7
  4950 | D:6      | 4950 ||| Stepping ~*~*~tactically~*~*~ (stealth).
  4953 | D:6      | 4953 ||| Stepping ~*~*~tactically~*~*~ (stealth).
  4963 | D:6      | 4963 ||| Stepping ~*~*~tactically~*~*~ (stealth).
  4987 | D:6      | 4987 ||| FLEEEEING.
  4988 | D:6      | 4988 ||| FLEEEEING.
  4990 | D:6      | 4990 ||| FLEEEEING.
  4991 | D:6      | 4991 ||| FLEEEEING.
  4992 | D:6      | 4992 ||| FLEEEEING.
  4993 | D:6      | 4993 ||| FLEEEEING.
  4995 | D:6      | 4995 ||| FLEEEEING.
  4996 | D:6      | 4996 ||| FLEEEEING.
  5002 | D:6      | 5002 ||| STAIRDANCE
  5376 | D:6      | 5376 ||| Stepping ~*~*~tactically~*~*~ (stealth).
  5383 | D:6      | 5383 ||| Stepping ~*~*~tactically~*~*~ (stealth).
  5384 | D:6      | 5384 ||| Stepping ~*~*~tactically~*~*~ (stealth).
  5431 | D:6      | 5431 ||| SWAPPING to +0 war axe.
  5432 | D:6      | 5432 ||| DROPPING +1 hand axe of protection.
  5439 | D:6      | Found an ancient bone altar of Kikubaaqudgha.
  5457 | D:6      | Reached **** piety under Trog
  5458 | D:6      | Reached skill level 6 in Fighting
  5739 | D:6      | 5739 ||| READING scroll labelled CEECHY BEEM.
  5869 | D:7      | 5869 ||| Stepping ~*~*~tactically~*~*~ (hiding).
  5920 | D:7      | Reached skill level 11 in Axes
  5931 | D:7      | 5931 ||| Stepping ~*~*~tactically~*~*~ (stealth).
  5967 | D:7      | 5967 ||| Stepping ~*~*~tactically~*~*~ (stealth).
  5994 | D:7      | Found a sacrificial altar of Ru.
  6076 | D:7      | 6076 ||| INVOKING Berserk.
  6080 | D:7      | Reached skill level 12 in Axes
  6295 | D:7      | Reached XP level 9. HP: 76/79 MP: 8/8
  6300 | D:7      | 6300 ||| Stepping ~*~*~tactically~*~*~ (stealth).
  6310 | D:7      | 6310 ||| Stepping ~*~*~tactically~*~*~ (stealth).
  6311 | D:7      | 6311 ||| Stepping ~*~*~tactically~*~*~ (stealth).
  6315 | D:7      | Found an opulent altar of Gozag.
  6316 | D:7      | Found an iron altar of Okawaru.
  6317 | D:7      | Found a broken altar of Ashenzari.
  6318 | D:7      | Found a white marble altar of Elyvilon.
  6522 | D:7      | Found a hide-covered altar of Uskayaw.
  6768 | D:7      | Found a stormy altar of Qazlal.
  6784 | D:7      | 6784 ||| Stepping ~*~*~tactically~*~*~ (hiding).
  6786 | D:7      | 6786 ||| Stepping ~*~*~tactically~*~*~ (hiding).
  6802 | D:7      | 6802 ||| INVOKING Berserk.
  6882 | D:8      | 6882 ||| Stepping ~*~*~tactically~*~*~ (hiding).
  7088 | D:8      | 7088 ||| FLEEEEING.
  7089 | D:8      | 7089 ||| FLEEEEING.
  7090 | D:8      | 7090 ||| FLEEEEING.
  7098 | D:8      | 7098 ||| FLEEEEING.
  7099 | D:8      | 7099 ||| FLEEEEING.
  7100 | D:8      | 7100 ||| FLEEEEING.
  7101 | D:8      | 7101 ||| FLEEEEING.
  7102 | D:8      | 7102 ||| FLEEEEING.
  7103 | D:8      | 7103 ||| FLEEEEING.
  7104 | D:8      | 7104 ||| FLEEEEING.
  7105 | D:8      | 7105 ||| FLEEEEING.
  7106 | D:8      | 7106 ||| FLEEEEING.
  7107 | D:8      | 7107 ||| Stepping ~*~*~tactically~*~*~ (hiding).
  7111 | D:8      | 7111 ||| Stepping ~*~*~tactically~*~*~ (hiding).
  7153 | D:8      | Reached skill level 13 in Axes
  7191 | D:8      | Noticed Joseph
  7203 | D:8      | Killed Joseph
  7204 | D:8      | Reached skill level 3 in Throwing
  7245 | D:8      | 7245 ||| Stepping ~*~*~tactically~*~*~ (stealth).
  7246 | D:8      | 7246 ||| Stepping ~*~*~tactically~*~*~ (stealth).
  7247 | D:8      | 7247 ||| Stepping ~*~*~tactically~*~*~ (stealth).
  7255 | D:8      | 7255 ||| FLEEEEING.
  7259 | D:8      | 7259 ||| INVOKING Berserk.
  7303 | D:8      | 7303 ||| FLEEEEING.
  7304 | D:8      | 7304 ||| FLEEEEING.
  7305 | D:8      | 7305 ||| FLEEEEING.
  7306 | D:8      | 7306 ||| FLEEEEING.
  7307 | D:8      | 7307 ||| FLEEEEING.
  7308 | D:8      | 7308 ||| FLEEEEING.
  7309 | D:8      | 7309 ||| FLEEEEING.
  7310 | D:8      | 7310 ||| FLEEEEING.
  7311 | D:8      | 7311 ||| FLEEEEING.
  7312 | D:8      | 7312 ||| FLEEEEING.
  7313 | D:8      | 7313 ||| FLEEEEING.
  7314 | D:8      | 7314 ||| FLEEEEING.
  7315 | D:8      | 7315 ||| FLEEEEING.
  7316 | D:8      | 7316 ||| FLEEEEING.
  7327 | D:8      | 7327 ||| FLEEEEING.
  7328 | D:8      | 7328 ||| FLEEEEING.
  7329 | D:8      | 7329 ||| FLEEEEING.
  7330 | D:8      | 7330 ||| FLEEEEING.
  7331 | D:8      | 7331 ||| FLEEEEING.
  7332 | D:8      | 7332 ||| FLEEEEING.
  7333 | D:8      | 7333 ||| FLEEEEING.
  7334 | D:8      | 7334 ||| FLEEEEING.
  7335 | D:8      | 7335 ||| FLEEEEING.
  7336 | D:8      | 7336 ||| FLEEEEING.
  7337 | D:8      | 7337 ||| FLEEEEING.
  7338 | D:8      | 7338 ||| FLEEEEING.
  7339 | D:8      | 7339 ||| FLEEEEING.
  7340 | D:8      | 7340 ||| FLEEEEING.
  7341 | D:8      | 7341 ||| FLEEEEING.
  7342 | D:8      | 7342 ||| FLEEEEING.
  7508 | D:8      | 7508 ||| Stepping ~*~*~tactically~*~*~ (stealth).
  7515 | D:8      | 7515 ||| INVOKING Berserk.
  7518 | D:8      | Reached skill level 3 in Dodging
  7756 | D:8      | 7756 ||| INVOKING Berserk.
  7874 | D:8      | 7874 ||| DRINKING 6 potions of curing.
  7874 | D:8      | 7874 ||| (to cure confusion)
  7911 | D:8      | 7911 ||| INVOKING Berserk.
  8043 | D:8      | Found a shadowy altar of Dithmenos.
  8106 | D:8      | 8106 ||| READING scroll labelled FUAMAE ANABB.
  8107 | D:8      | 8107 ||| READING 2 scrolls of identify.
  8107 | D:8      | 8107 ||| IDENTIFYING lumpy sapphire potion
  8108 | D:8      | 8108 ||| DROPPING potion of degeneration.
  8141 | D:9      | Noticed a two-headed ogre
  8145 | D:9      | 8145 ||| INVOKING Berserk.
  8147 | D:9      | Killed a two-headed ogre
  8148 | D:9      | Reached skill level 14 in Axes
  8148 | D:9      | Reached XP level 10. HP: 88/88 MP: 9/9
  8359 | D:9      | 8359 ||| INVOKING Berserk.
  8364 | D:9      | Reached skill level 6 in Armour
  8478 | D:9      | Noticed Grum
  8480 | D:9      | 8480 ||| Stepping ~*~*~tactically~*~*~ (hiding).
  8483 | D:9      | 8483 ||| INVOKING Berserk.
  8499 | D:9      | Killed Grum
  8500 | D:9      | Reached skill level 15 in Axes
  8692 | D:9      | 8692 ||| DROPPING +0 flail.
  8727 | D:9      | Noticed a two-headed ogre
  8728 | D:9      | 8728 ||| INVOKING Berserk.
  8733 | D:9      | Killed a two-headed ogre
  8734 | D:9      | Reached skill level 9 in Fighting
  8938 | D:9      | Found a blossoming altar of Fedhas.
  9100 | D:9      | 9100 ||| Stepping ~*~*~tactically~*~*~ (stealth).
  9107 | D:9      | 9107 ||| Stepping ~*~*~tactically~*~*~ (stealth).
  9130 | D:9      | Reached skill level 16 in Axes
  9130 | D:9      | 9130 ||| FLEEEEING.
  9131 | D:9      | 9131 ||| FLEEEEING.
  9132 | D:9      | 9132 ||| FLEEEEING.
  9133 | D:9      | 9133 ||| FLEEEEING.
  9134 | D:9      | 9134 ||| FLEEEEING.
  9135 | D:9      | 9135 ||| FLEEEEING.
  9136 | D:9      | 9136 ||| FLEEEEING.
  9137 | D:9      | 9137 ||| FLEEEEING.
  9138 | D:9      | 9138 ||| FLEEEEING.
  9139 | D:9      | 9139 ||| FLEEEEING.
  9140 | D:9      | 9140 ||| FLEEEEING.
  9141 | D:9      | 9141 ||| FLEEEEING.
  9142 | D:9      | 9142 ||| FLEEEEING.
  9144 | D:9      | 9144 ||| FLEEEEING.
  9145 | D:9      | 9145 ||| FLEEEEING.
  9146 | D:9      | 9146 ||| FLEEEEING.
  9147 | D:9      | 9147 ||| FLEEEEING.
  9148 | D:9      | 9148 ||| FLEEEEING.
  9149 | D:9      | 9149 ||| FLEEEEING.
  9150 | D:9      | 9150 ||| FLEEEEING.
  9151 | D:9      | 9151 ||| FLEEEEING.
  9152 | D:9      | 9152 ||| FLEEEEING.
  9153 | D:9      | 9153 ||| FLEEEEING.
  9154 | D:9      | 9154 ||| FLEEEEING.
  9155 | D:9      | 9155 ||| FLEEEEING.
  9156 | D:9      | 9156 ||| FLEEEEING.
  9158 | D:9      | 9158 ||| FLEEEEING.
  9159 | D:9      | 9159 ||| FLEEEEING.
  9160 | D:9      | 9160 ||| FLEEEEING.
  9161 | D:9      | 9161 ||| FLEEEEING.
  9162 | D:9      | 9162 ||| FLEEEEING.
  9163 | D:9      | 9163 ||| FLEEEEING.
  9164 | D:9      | 9164 ||| FLEEEEING.
  9165 | D:9      | 9165 ||| STAIRDANCE
  9225 | D:8      | 9225 ||| Stepping ~*~*~tactically~*~*~ (cloud).
  9228 | D:8      | 9228 ||| INVOKING Berserk.
  9378 | D:9      | 9378 ||| Stepping ~*~*~tactically~*~*~ (hiding).
  9381 | D:9      | 9381 ||| Stepping ~*~*~tactically~*~*~ (hiding).
  9395 | D:9      | 9395 ||| Stepping ~*~*~tactically~*~*~ (stealth).
  9447 | D:9      | 9447 ||| FLEEEEING.
  9543 | D:9      | 9543 ||| INVOKING Berserk.
  9682 | D:9      | Found a staircase to the Orcish Mines.
  9698 | D:9      | 9698 ||| DRINKING 6 potions of curing.
  9698 | D:9      | 9698 ||| (to cure confusion)
  9705 | D:9      | 9705 ||| DRINKING 5 potions of curing.
  9705 | D:9      | 9705 ||| (to cure confusion)
  9812 | D:10     | Entered Level 10 of the Dungeon
  9845 | D:10     | 9845 ||| Stepping ~*~*~tactically~*~*~ (stealth).
  9868 | D:10     | 9868 ||| FLEEEEING.
  9869 | D:10     | 9869 ||| FLEEEEING.
  9870 | D:10     | 9870 ||| FLEEEEING.
  9872 | D:10     | 9872 ||| FLEEEEING.
  9873 | D:10     | 9873 ||| FLEEEEING.
  9874 | D:10     | 9874 ||| FLEEEEING.
  9875 | D:10     | 9875 ||| STAIRDANCE
 10034 | D:10     | Found a flagged portal.
 10066 | D:10     | Found a sparkling altar of Nemelex Xobeh.
 10145 | D:10     | Reached XP level 11. HP: 99/99 MP: 10/10
 10160 | D:10     | Noticed a boulder beetle
 10160 | D:10     | Noticed a frost giant
 10161 | D:10     | Found a runed translucent door.
 10164 | D:10     | Noticed a wolf spider
 10164 | D:10     | Noticed a deep elf zephyrmancer
 10164 | D:10     | Noticed a flayed ghost
 10164 | D:10     | Noticed an ice dragon
 10164 | D:10     | Noticed a fire dragon
 10206 | D:10     | Found a staircase to the Lair.
 10209 | D:10     | 10209 ||| INVOKING Berserk.
 10470 | D:10     | Noticed Erolcha
 10471 | D:10     | 10471 ||| INVOKING Trog's Hand.
 10474 | D:10     | 10474 ||| INVOKING Berserk.
 10482 | D:10     | Killed Erolcha
 10820 | D:10     | 10820 ||| READING 2 scrolls of identify.
 10820 | D:10     | 10820 ||| IDENTIFYING purple potion
 10821 | D:10     | 10821 ||| DROPPING potion of berserk rage.
 10972 | D:9      | 10972 ||| PLANNING LAIR
 10995 | Lair:1   | Entered Level 1 of the Lair of Beasts
 11004 | Lair:1   | 11004 ||| Stepping ~*~*~tactically~*~*~ (stealth).
 11006 | Lair:1   | 11006 ||| INVOKING Berserk.
 11102 | Lair:1   | 11102 ||| Stepping ~*~*~tactically~*~*~ (stealth).
 11103 | Lair:1   | 11103 ||| Stepping ~*~*~tactically~*~*~ (stealth).
 11110 | Lair:1   | 11110 ||| INVOKING Berserk.
 11130 | Lair:1   | Reached skill level 9 in Armour
 11166 | Lair:1   | 11166 ||| INVOKING Berserk.
 11339 | Lair:1   | 11339 ||| Stepping ~*~*~tactically~*~*~ (stealth).
 11348 | Lair:1   | Reached skill level 12 in Fighting
 11459 | Lair:1   | 11459 ||| Stepping ~*~*~tactically~*~*~ (stealth).
 11468 | Lair:1   | 11468 ||| INVOKING Berserk.
 11492 | Lair:1   | Reached ***** piety under Trog
 11499 | Lair:1   | 11499 ||| INVOKING Brothers in Arms.
 11504 | Lair:1   | Noticed a lindwurm
 11513 | Lair:1   | HP: 20/104 [lindwurm/blast of flame (33)]
 11514 | Lair:1   | 11514 ||| READING 2 scrolls of teleportation.
 11514 | Lair:1   | Killed a lindwurm
 11516 | Lair:1   | 11516 ||| READING scroll of teleportation.
 11517 | Lair:1   | 11517 ||| DRINKING 3 potions of heal wounds.
 11820 | Lair:1   | Found a runed translucent gate.
 11853 | Lair:1   | Reached XP level 12. HP: 113/113 MP: 11/11
 11952 | Lair:1   | 11952 ||| Stepping ~*~*~tactically~*~*~ (stealth).
 12036 | Lair:1   | Found a runed translucent gate.
 12038 | Lair:1   | Found a runed translucent gate.
 12044 | Lair:1   | Noticed qw's ghost (journeyman TrCA)
 12044 | Lair:1   | Noticed qw's ghost (journeyman TeWr)
 12101 | Lair:1   | Noticed a seven-headed hydra
 12102 | Lair:1   | 12102 ||| INVOKING Brothers in Arms.
 12103 | Lair:1   | 12103 ||| SWAPPING to +0 morningstar.
 12104 | Lair:1   | 12104 ||| INVOKING Berserk.
 12105 | Lair:1   | Killed a seven-headed hydra
 12112 | Lair:1   | 12112 ||| SWAPPING to +0 war axe.
 12433 | Lair:2   | 12433 ||| INVOKING Berserk.
 12564 | Lair:2   | Noticed Amaemon
 12565 | Lair:2   | 12565 ||| Stepping ~*~*~tactically~*~*~ (hiding).
 12566 | Lair:2   | 12566 ||| Stepping ~*~*~tactically~*~*~ (hiding).
 12567 | Lair:2   | 12567 ||| Stepping ~*~*~tactically~*~*~ (hiding).
 12572 | Lair:2   | 12572 ||| INVOKING Berserk.
 12577 | Lair:2   | Killed Amaemon
 12701 | Lair:2   | 12701 ||| DROPPING +0 morningstar.
 12727 | Lair:2   | Noticed a catoblepas
 12728 | Lair:2   | 12728 ||| Stepping ~*~*~tactically~*~*~ (hiding).
 12731 | Lair:2   | 12731 ||| Stepping ~*~*~tactically~*~*~ (cloud).
 12732 | Lair:2   | 12732 ||| Stepping ~*~*~tactically~*~*~ (cloud).
 12733 | Lair:2   | 12733 ||| INVOKING Berserk.
 12736 | Lair:2   | Killed a catoblepas
 12737 | Lair:2   | Reached skill level 6 in Throwing
 12752 | Lair:2   | Reached skill level 6 in Dodging
 12948 | Lair:2   | Noticed Sonja
 12951 | Lair:2   | 12951 ||| Stepping ~*~*~tactically~*~*~ (stealth).
 12960 | Lair:2   | Killed Sonja
 13403 | Lair:2   | Noticed Fannar
 13425 | Lair:2   | Killed Fannar
 13682 | Lair:2   | 13682 ||| Stepping ~*~*~tactically~*~*~ (stealth).
 14097 | Lair:3   | 14097 ||| INVOKING Berserk.
 14244 | Lair:3   | 14244 ||| INVOKING Berserk.
 14370 | Lair:3   | 14370 ||| INVOKING Berserk.
 14585 | Lair:3   | Reached skill level 15 in Fighting
 14627 | Lair:3   | 14627 ||| Stepping ~*~*~tactically~*~*~ (stealth).
 14628 | Lair:3   | 14628 ||| Stepping ~*~*~tactically~*~*~ (stealth).
 14850 | Lair:3   | You fall into a shaft and drop 2 floors!
 14850 | Lair:5   | Entered Level 5 of the Lair of Beasts
 14850 | Lair:5   | Noticed a death yak
 14850 | Lair:5   | Noticed a death yak
 14852 | Lair:5   | 14852 ||| INVOKING Berserk.
 14861 | Lair:5   | Noticed a death yak
 14865 | Lair:5   | Reached XP level 13. HP: 126/126 MP: 12/12
 14876 | Lair:5   | HP: 21/126 [death yak (20)]
 14877 | Lair:5   | 14877 ||| READING scroll of teleportation.
 14878 | Lair:5   | 14878 ||| DRINKING 2 potions of heal wounds.
 14878 | Lair:5   | Slain by a death yak

Levels and vault maps discovered:
D:1:      nzn_arrival_depleted_hourglass, layout_rooms, minmay_split_cup_small
D:2:      layout_basic, chequers_ecumenical_altar_simple_redux
D:3:      layout_rooms, nicolae_overflow_ecumenical_swirl, lemuel_crystal_altar,
          lemuel_tele_altar, minmay_goblin_outpost
D:4:      layout_cave_pods, chequers_temple_overflow_statue_of_worship,
          minmay_temple_entry_hall
D:5:      layout_basic, uniq_blork_the_orc, uniq_edmund, uniq_duvessa
D:6:      layout_loops_ring, kiku_gazebo_garden_becter
D:7:      layout_basic, nicolae_ru_awakened_eye, kennysheep_mini_moat,
          mainiacjoe_overflow_alcove_3, nicolae_qazlal_eye_of_the_storm
D:8:      layout_basic, kennysheep_mini, grunt_ministairs_6, grunt_ogre_cave,
          uniq_joseph
D:9:      layout_irregular_city, nicolae_overflow_hidden_temple, erik_orc_1,
          uniq_grum
D:10:     minmay_gate_of_8, layout_cave_pools, mainiacjoe_overflow_paths,
          erik_lair_orcish_takeover, enter_bailey_5, uniq_erolcha
Lair:1:   layout_misc_corridors, gammafunk_ghost_cemetery,
          nicolae_lair_lindhole, infiniplex_staircase_pool_2
Lair:2:   layout_gridlike, portal_ice_cave_entry_pillars_1, st_stairs_5,
          lemuel_fruit_tree, uniq_amaemon, uniq_fannar, uniq_sonja
Lair:3:   layout_gridlike, elwin_shoals_entry_rocks, dummy_spider_entry,
          grunt_megastairs_5
Lair:5:   wormcave, layout_regular_city, guppyfry_lair_end_dragon, minivault_23,
          uniq_rupert, uniq_urug

Skill      XL: |  1  2  3  4  5  6  7  8  9 10 11 12 |
---------------+-------------------------------------+-----
Axes           | 4 5 6 7 9 10 12 14 16 | 16.0
Throwing       | 1 2 3 5 7 |  7.0
Fighting       | 4 5 7 8 9 12 15 | 15.0
Armour         | 3 4 5 7 10 11 | 11.6
Dodging        | 3 5 7 |  7.0

Action                   |  1- 3 |  4- 6 |  7- 9 | 10-12 | 13-15 || total
-------------------------+-------+-------+-------+-------+-------++-------
Melee: Hand axe          |    78 |   120 |    81 |       |       ||   279
       Headbutt          |    15 |    21 |    36 |    86 |     4 ||   162
       Punch             |       |     2 |     3 |     5 |       ||    10
       War axe           |       |       |   147 |   424 |    12 ||   583
       Morningstar       |       |       |       |     1 |       ||     1
Throw: Javelin           |       |    58 |    47 |    72 |       ||   177
       Boomerang         |       |     1 |       |    39 |       ||    40
Invok: Berserk           |     1 |     3 |     9 |    19 |       ||    32
       Brothers in Arms  |       |       |       |     2 |       ||     2
       Trog's Hand       |       |       |       |     1 |       ||     1
  Use: Scroll            |     4 |     8 |     3 |     3 |     1 ||    19
       Potion            |     1 |     3 |     2 |     3 |     1 ||    10
Armor: Animal skin       |    12 |       |       |       |       ||    12
       Plate armour      |       |    26 |       |       |       ||    26
       Chain mail        |       |    23 |    88 |   149 |    11 ||   271
Dodge: Dodged            |    23 |    43 |   119 |   240 |    21 ||   446

Table legend:
 A = Non-vault XP
 B = Vault XP
 C = Vault XP percentage of total XP
 D = Non-vault monster count
 E = Vault monster count
 F = Vault count percentage of total count
                 A         B        C        D         E       F
            +---------+---------+-------+---------+---------+-------
      Total |   32017 |    8073 |  20.1 |     300 |      67 |  18.3
            +---------+---------+-------+---------+---------+-------
        D:1 |      34 |       4 |  10.5 |      23 |       3 |  11.5
        D:2 |      75 |       0 |   0.0 |      16 |       0 |   0.0
        D:3 |      93 |      22 |  19.1 |      24 |      11 |  31.4
        D:4 |     238 |       0 |   0.0 |      23 |       0 |   0.0
        D:5 |     454 |     488 |  51.8 |      17 |       4 |  19.0
        D:6 |     320 |       0 |   0.0 |      17 |       0 |   0.0
        D:7 |    1415 |       0 |   0.0 |      27 |       0 |   0.0
        D:8 |    1224 |     721 |  37.1 |      28 |       6 |  17.6
        D:9 |    3987 |    1223 |  23.5 |      16 |      22 |  57.9
       D:10 |    2105 |    1427 |  40.4 |      17 |      13 |  43.3
     Lair:1 |    8950 |     706 |   7.3 |      39 |       1 |   2.5
     Lair:2 |    5955 |    2916 |  32.9 |      29 |       5 |  14.7
     Lair:3 |    3746 |     566 |  13.1 |      15 |       2 |  11.8
     Lair:5 |    3421 |       0 |   0.0 |       9 |       0 |   0.0
            +---------+---------+-------+---------+---------+-------
